 Dungeon Crawl Stone Soup version 0.21-a0-49-g7bf2ba4 (webtiles) character file.

963 roguesci the Sneak (level 8, 0/72 HPs)
             Began as a Naga Transmuter on June 10, 2017.
             Slain by yukitheduck's ghost (8 damage)
             ... while paralysed by yukitheduck's ghost
             ... on level 4 of the Dungeon.
             The game lasted 00:17:31 (7142 turns).

roguesci the Sneak (Naga Transmuter)                Turns: 7142, Time: 00:17:33

Health: 0/72       AC:  2    Str: 12    XL:     8   Next: 15%
Magic:  7/14       EV:  5    Int: 16    God:
Gold:   116        SH:  0    Dex: 17    Spells: 12/15 levels left

rFire    . . .     SeeInvis +     - Unarmed
rCold    . . .     Gourm    .   (shield currently unavailable)
rNeg     . . .     Faith    .   (armour currently unavailable)
rPois    x         Spirit   .   (helmet currently unavailable)
rElec    .         Reflect  .   (cloak currently unavailable)
rCorr    .         Harm     .   (gloves currently unavailable)
MR       +....                  (no barding)
Stlth    +++.......             (no amulet)
Regen    0.3/turn               (no ring)
MPRegen  0.2/turn               (no ring)

@: paralysed, spider-form, drained
A: see invisible, slow metabolism 1, spit poison 1, AC +2
a: Spit Poison, End Transformation


You were on level 4 of the Dungeon.
You were not hungry.
You were a venomous arachnid creature.
You visited 1 branch of the dungeon, and saw 4 of its levels.

You collected 116 gold pieces.

Inventory:

Hand Weapons
 a - a +2 whip of venom (melded)
 h - a +4 falchion
 l - a +2 dagger of venom
 u - a +2 whip of electrocution
Missiles
 i - 74 stones (quivered)
Armour
 b - a +0 robe (melded)
 f - a +0 pair of gloves (melded)
 r - a +0 cloak (melded)
Wands
 q - a wand of flame (27/48)
Scrolls
 e - 2 scrolls of identify
 g - a scroll of recharging {unknown}
 o - 2 scrolls of remove curse
 p - a scroll of amnesia
 t - 2 scrolls of teleportation {unknown}
Potions
 k - a potion of heal wounds
 m - a potion of haste {unknown}
Books
 c - a book of Changes

   Spells                             Type                      Level
   a - Beastly Appendage              Transmutation                1
   b - Sticks to Snakes               Transmutation                2
   c - Spider Form                    Transmutation/Poison         3
   d - Ice Form                       Ice/Transmutation            4
   e - Blade Hands                    Transmutation                5
Comestibles
 d - 4 bread rations
 s - 2 meat rations


   Skills:
 * Level 3.9(3.4) Fighting
 * Level 3.6(3.2) Dodging
 + Level 4.6(4.2) Stealth
 + Level 4.2(3.8) Unarmed Combat
 * Level 4.1(3.7) Spellcasting
 + Level 3.3(2.9) Transmutations
 + Level 3.1(2.7) Poison Magic


You had 12 spell levels left.
You knew the following spells:

 Your Spells              Type           Power        Failure   Level  Hunger
b - Spider Form           Tmut/Pois      ##........   34%         3    ###....


Dungeon Overview and Level Annotations

Branches:
Dungeon (4/15)
 Temple: D:4-7

Altars:
Uskayaw

Annotations:
D:4 yukitheduck's ghost, amateur NaCK


Innate Abilities, Weirdness & Mutations

You cannot wear boots.
((Your serpentine skin is tough. (AC +2)))
You have supernaturally acute eyesight. (SInv)
((Armour fits poorly on your strangely shaped body.))
((Your system is resistant to poisons. (rPois)))
((You cover ground very slowly.))
You have a slow metabolism.
You can spit poison.


Message History

Yukitheduck's ghost is moderately damaged.
Yukitheduck's ghost hits you!
You hit yukitheduck's ghost.
Yukitheduck's ghost is moderately damaged.
Yukitheduck's ghost barely misses you.
You hit yukitheduck's ghost but do no damage.
Yukitheduck's ghost is moderately damaged.
Yukitheduck's ghost hits you!
You suddenly lose the ability to move!
Yukitheduck's ghost hits you! Yukitheduck's ghost freezes you.
* * * LOW HITPOINT WARNING * * *
Yukitheduck's ghost hits you.
* * * LOW HITPOINT WARNING * * *
Yukitheduck's ghost burns you.
* * * LOW HITPOINT WARNING * * *
Yukitheduck's ghost hits you!
* * * LOW HITPOINT WARNING * * *
You feel your power leaking away. Yukitheduck's ghost barely misses you.
Yukitheduck's ghost hits you!
You die...

##(. .#...
..... ......
###### #......
#....##.......
#....).....(..
#....##.......
#..s.# .......
#...W# .W...O.
#....# .......
#....# .......
.....# .......
.......
.......
........
###.......


You could see yukitheduck's ghost.

Vanquished Creatures
  The ghost of anet the Skirmisher, an amateur MiFi (D:3)
  Sigmund (D:2)
  2 ogres (D:3)
  A bullfrog (D:2)
  Crazy Yiuf (D:2)
  A gnoll shaman (D:3)
  2 orc wizards
  5 adders
  7 gnolls
  An ooze (D:2)
  4 dart slugs (D:1)
  4 leopard geckos
  15 orcs
  4 giant cockroaches
  15 goblins
  6 hobgoblins
  4 jackals (D:1)
  7 kobolds
  A ball python (D:2)
  7 bats
  3 frilled lizards
  12 rats
104 creatures vanquished.

Notes
Turn   | Place    | Note
-------+----------+-------------------------------------------
     0 | D:1      | roguesci the Naga Transmuter began the quest for the Orb.
     0 | D:1      | Reached XP level 1. HP: 18/18 MP: 3/3
    86 | D:1      | Reached XP level 2. HP: 23/25 MP: 3/5
   420 | D:1      | Reached skill level 1 in Stealth
   962 | D:1      | Reached XP level 3. HP: 31/31 MP: 4/6
   967 | D:1      | Learned a level 3 spell: Spider Form
  2055 | D:2      | Found a hide-covered altar of Uskayaw.
  2058 | D:2      | Reached XP level 4. HP: 39/39 MP: 7/7
  2115 | D:2      | Found a runed door.
  2178 | D:2      | Noticed Sigmund
  2209 | D:2      | Killed Sigmund
  2209 | D:2      | Reached skill level 1 in Poison Magic
  2209 | D:2      | Reached XP level 5. HP: 15/46 MP: 3/9
  2209 | D:2      | Reached XP level 6. HP: 18/55 MP: 3/10
  2976 | D:2      | Noticed Crazy Yiuf
  2988 | D:2      | Killed Crazy Yiuf
  3913 | D:3      | Reached XP level 7. HP: 48/62 MP: 5/12
  4511 | D:3      | Noticed anet's ghost (amateur MiFi)
  6054 | D:3      | Killed anet's ghost
  6527 | D:4      | Reached XP level 8. HP: 72/72 MP: 13/13
  6545 | D:4      | Noticed yukitheduck's ghost (amateur NaCK)
  7137 | D:4      | Paralysed by yukitheduck's ghost for 5 turns
  7142 | D:4      | Slain by yukitheduck's ghost

Vault maps used:
D:1:      mrwooster_arrival_statue
D:2:      nicolae_overflow_crystal_walls, uniq_sigmund, uniq_crazy_yiuf_cottage
D:4:      kennysheep_little_box, uniq_grinder

Skill      XL: |  1  2  3  4  5  6  7  8 |
---------------+-------------------------+-----
Stealth        | 1 2 3 4 |  4.6
Dodging        | 2 3 |  3.6
Fighting       | 2 3 |  3.9
Spellcasting   | 3 4 |  4.1
Poison Magic   | 1 2 3 |  3.1
Unarmed Combat | 4 |  4.2
Transmutations | 3 |  3.3

Action                   |  1- 3 |  4- 6 |  7- 9 || total
-------------------------+-------+-------+-------++-------
Melee: Unarmed           |   105 |    32 |   101 ||   238
       Headbutt          |     5 |       |       ||     5
       Dagger            |    22 |    71 |    10 ||   103
       Punch             |     1 |     1 |     2 ||     4
       Whip              |       |       |    67 ||    67
       Falchion          |       |       |     7 ||     7
Throw: Stone             |       |    11 |     3 ||    14
 Cast: Beastly Appendage |    10 |       |       ||    10
       Spider Form       |       |     7 |    17 ||    24
 Abil: Spit Poison       |     5 |     1 |     3 ||     9
  Use: Scroll            |       |     5 |       ||     5
       Potion            |       |     1 |     3 ||     4
 Stab: Sleeping          |     4 |     2 |     4 ||    10
  Eat: Chunk             |     3 |     3 |     6 ||    12
       Royal jelly       |       |     1 |     1 ||     2
       Fruit             |       |       |     2 ||     2
Armor: Robe              |    24 |    21 |    21 ||    66
       Skin              |       |     6 |     1 ||     7
Dodge: Dodged            |    78 |    57 |   111 ||   246
       Rpst.: Falchion   |       |       |     1 ||     1
